 Dungeon Crawl Stone Soup version 0.21-a0-2-ge494091 (webtiles) character file.

1234 Naow the Firebug (level 8, -7/46 HPs)
             Began as an Octopode Fire Elementalist on May 22, 2017.
             Was a Follower of Vehumet.
             Mangled by a sun demon (27 damage)
             ... summoned by a kobold demonologist
             ... on level 6 of the Dungeon.
             The game lasted 00:14:03 (8337 turns).

Naow the Firebug (Octopode Fire Elementalist)       Turns: 8337, Time: 00:14:03

Health: -7/46      AC:  1    Str:  7    XL:     8   Next: 48%
Magic:  12/16      EV: 12    Int: 20    God:    Vehumet [*.....]
Gold:   314        SH:  0    Dex: 18    Spells: 12/18 levels left

rFire    + . .     SeeInvis .   e - +0 dagger
rCold    . . .     Gourm    .   (no shield)
rNeg     . . .     Faith    .   (helmet restricted)
rPois    .         Spirit   .   (no amulet)
rElec    .         Reflect  .   (no ring)
rCorr    +         Harm     .   x - +6 ring of dexterity
MR       .....                  y - ring of protection from fire
Stlth    +++++.....             u - ring of stealth
Regen    0.2/turn               B - ring of resist corrosion
MPRegen  0.2/turn               (no ring)
                                (no ring)
                                (no ring)

@: heavily drained
A: almost no armour, stealthy swim, amphibious, 8 rings, constrict 8, camouflage
1, gelatinous body 1
a: Renounce Religion


You were on level 6 of the Dungeon.
You worshipped Vehumet.
Vehumet was aware of your devotion.
You were very hungry.

You visited 1 branch of the dungeon, and saw 7 of its levels.

You collected 314 gold pieces.

Inventory:

Hand Weapons
 e - a +0 dagger (weapon)
 r - the +5 rapier of Destiny {pain, *Drain Str+6}
   (You found it on level 4 of the Dungeon)

   In the hands of one skilled in necromantic magic, it inflicts extra damage on
   living creatures.
   It affects your strength (+6).
   It causes draining when unequipped.
 s - a +1 blowgun
Missiles
 t - 16 poisoned needles
Magical Staves
 z - an uncursed staff of earth
Jewellery
 g - an uncursed ring of ice
 u - a ring of stealth (on tentacle)
 x - a +6 ring of dexterity (right tentacle)
 y - a ring of protection from fire (on tentacle)
 B - a ring of resist corrosion (on tentacle)
Wands
 q - a wand of flame (42/48)
 v - a wand of digging (3/24)
Scrolls
 d - a scroll of identify
 h - 5 scrolls of teleportation
 w - a scroll of enchant weapon
Potions
 c - 4 potions of ambrosia
 i - 2 potions of brilliance
 j - a potion of haste
 k - 2 potions of curing
 o - 2 potions of cancellation
 C - 2 potions of flight
Books
 a - a book of Flames

   Spells                             Type                      Level
   a - Flame Tongue                   Conjuration/Fire             1
   b - Throw Flame                    Conjuration/Fire             2
   c - Conjure Flame                  Conjuration/Fire             3
   d - Inner Flame                    Hexes/Fire                   3
   e - Sticky Flame                   Conjuration/Fire             4
   f - Fireball                       Conjuration/Fire             5
 A - a book of Maledictions

   Spells                             Type                      Level
   a - Corona                         Hexes                        1
   b - Ensorcelled Hibernation        Hexes/Ice                    2
   c - Confuse                        Hexes                        3
   d - Tukima's Dance                 Hexes                        3
   e - Dazzling Spray                 Conjuration/Hexes            3
Comestibles
 b - 6 bread rations
 f - 3 meat rations
 l - 7 fruits


   Skills:
 - Level 2.0(0.6) Dodging
 - Level 2.6(1.3) Stealth
 + Level 5.5(4.1) Spellcasting
 + Level 5.3(3.9) Conjurations
 + Level 6.7(5.2) Fire Magic


You had 12 spell levels left.
You knew the following spells:

 Your Spells              Type           Power        Failure   Level  Hunger
a - Flame Tongue          Conj/Fire      ###..        1%          1    None
b - Throw Flame           Conj/Fire      ###...       3%          2    #......
c - Conjure Flame         Conj/Fire      ###.....     6%          3    ###....


Dungeon Overview and Level Annotations

Branches:
Dungeon (7/15)             Temple (0/1) D:6

Altars:
Hepliaklqana
Makhleb
Ru
Sif Muna
Trog
Uskayaw
Vehumet
Wu Jian
Yredelemnul


Innate Abilities, Weirdness & Mutations

You cannot wear most types of armour.
You are very stealthy in the water. (Stealth+)
You are amphibious.
You can wear up to eight rings at the same time.
You can use your tentacles to constrict eight enemies at once.
Your skin changes colour to match your surroundings (Stealth+).
Your rubbery body absorbs attacks. (AC +1, EV +1)


Message History

The kobold demonologist miscasts a cantrip.
Casting: Flame Tongue
Confirm with . or Enter, or press ? or * to list all spells.
Aiming: Flame Tongue
Press: ? - help, Shift-Dir - straight line, f - gnoll
Aim: a gnoll, wielding a spear The flame tongue hits the sun demon.
The sun demon appears unharmed.
The sun demon completely misses you.
The gnoll hits you from afar with a spear.
Okay, then.
The kobold demonologist casts a spell.
Casting: Flame Tongue
Confirm with . or Enter, or press ? or * to list all spells.
You can't see any susceptible monsters within range! (Use Z to cast anyway.)
Casting: Flame Tongue
Confirm with . or Enter, or press ? or * to list all spells.
You can't see any susceptible monsters within range! (Use Z to cast anyway.)
The sun demon hits you!!
Ouch! That really hurt!
You die...

# #.......##.## #.##.##.# #
#####.>.....##.# #.......# #
...##.......##.# ######.## ##
##.##..........# ########(# #.
##.##.......#######........# #.
.......................##..#####.
##.###############..##.##........
...# .5.. #≈8#..##.##...####.
.#.# ≈≈≈≈≈ #3@#..#....###.###.
...# .≈≈≈.g#).#..#...## ##.##.
...# .≈⌠≈gg§..#©.....# #.##. #..#
.≈≈555#..#......## ##.### ##.#
≈≈≈≈≈≈#.≈#.##....###.## # #.#
...5K #P8#.##.......##
#.###############)###.....##
#.................# #.....#
###########.###.#.# #.)...#


You could see a sun demon, a kobold demonologist, an iron imp, a quasit
(wandering), a gnoll, a white imp and a shadow imp (wandering).

Vanquished Creatures
  The ghost of endorz the Quickloader, a novice KoHu of Okawaru (D:6)
  Edmund (D:4)
  An ogre (D:5)
  A water moccasin skeleton (D:6)
  A hound (D:4)
  2 orc priests
  2 orc wizards
  3 worker ants
  The ghost of ArtsTyrian the Skirmisher, a weakling DrWn (D:3)
  7 gnolls
  10 adders
  A shadow imp (D:6)
  An ooze (D:2)
  A worm (D:3)
  A dart slug (D:1)
  A leopard gecko (D:5)
  15 orcs
  2 ball pythons (D:3)
  6 giant cockroaches
  3 goblins
  8 hobgoblins
  7 jackals
  11 kobolds
  A quokka (D:4)
  4 bats
  7 frilled lizards
  2 jackal skeletons (D:5)
  A leopard gecko zombie (D:5)
  8 rats
110 creatures vanquished.

Vanquished Creatures (others)
  A gnoll (D:5)
  A quokka skeleton (D:5)
  3 plants (D:6)
5 creatures vanquished.

Grand Total: 115 creatures vanquished

Notes
Turn   | Place    | Note
-------+----------+-------------------------------------------
     0 | D:1      | Naow the Octopode Fire Elementalist began the quest for the Orb.
     0 | D:1      | Reached XP level 1. HP: 11/11 MP: 3/3
   196 | D:1      | Reached XP level 2. HP: 17/17 MP: 3/5
  1094 | D:1      | Reached XP level 3. HP: 21/21 MP: 4/6
  1437 | D:2      | Found an ornate altar of the Wu Jian Council.
  1661 | D:2      | Found a hide-covered altar of Uskayaw.
  2278 | D:2      | Found a sacrificial altar of Ru.
  2394 | D:3      | Noticed ArtsTyrian's ghost (weakling DrWn)
  2399 | D:3      | Learned a level 2 spell: Throw Flame
  2403 | D:3      | Learned a level 3 spell: Conjure Flame
  2432 | D:3      | Killed ArtsTyrian's ghost
  2432 | D:3      | Reached skill level 4 in Fire Magic
  2432 | D:3      | Reached XP level 4. HP: 24/27 MP: 3/8
  2547 | D:3      | Found a basalt altar of Yredelemnul.
  2547 | D:3      | Found a bloodstained altar of Trog.
  2548 | D:3      | Found a deep blue altar of Sif Muna.
  2548 | D:3      | Found a burning altar of Makhleb.
  2989 | D:3      | Reached XP level 5. HP: 31/31 MP: 4/9
  4389 | D:4      | Got an ancient rapier
  4537 | D:4      | Reached XP level 6. HP: 26/36 MP: 5/11
  4975 | D:4      | Reached skill level 5 in Fire Magic
  5376 | D:5      | Entered Level 5 of the Dungeon
  5376 | D:5      | Noticed Edmund
  5574 | D:5      | Found a radiant altar of Vehumet.
  5680 | D:5      | Became a worshipper of Vehumet
  6344 | D:4      | Killed Edmund
  6344 | D:4      | Reached XP level 7. HP: 22/41 MP: 3/13
  6800 | D:6      | Found a hazy altar of Hepliaklqana.
  7151 | D:6      | Noticed endorz's ghost (novice KoHu)
  7625 | D:6      | Found a staircase to the Ecumenical Temple.
  7772 | D:6      | Killed endorz's ghost
  7772 | D:6      | Reached skill level 5 in Spellcasting
  7772 | D:6      | Reached skill level 5 in Conjurations
  7772 | D:6      | Reached skill level 6 in Fire Magic
  7772 | D:6      | Reached XP level 8. HP: 46/46 MP: 5/16
  7907 | D:6      | Identified the +5 rapier of Destiny {pain, *Drain Str+6} (You found it on level 4 of the Dungeon)
  8261 | D:6      | Reached * piety under Vehumet
  8261 | D:6      | Offered knowledge of Freeze by Vehumet.
  8326 | D:6      | Noticed a kobold demonologist
  8328 | D:6      | Noticed a sun demon
  8337 | D:6      | Mangled by a sun demon

Vault maps used:
D:1:      zelgadis_glass_arrival_small
D:2:      lemuel_round_altar, eat_drink_and_be_merry_uskayaw,
          nicolae_ru_the_path_less_chosen, first_bread, minmay_stone_trees_small
D:3:      chequers_temple_overflow_statue_of_worship, minivault_19
D:4:      corner_web_ring, hangedman_decor_slide_cut
D:5:      fiery_altar_vehumet, uniq_edmund
D:6:      gammafunk_wand_slinger, lemuel_crystal_altar,
          minmay_temple_entry_nine_rooms, serial_bayou_crossing
D:7:      gammafunk_temple_overflow_wave, kennysheep_mini_moat

Skill      XL: |  1  2  3  4  5  6  7 |
---------------+----------------------+-----
Fire Magic     | 4 5 6 |  6.7
Spellcasting   | 3 4 5 |  5.5
Conjurations   | 2 3 5 |  5.3
Dodging        | |  2.0
Stealth        | |  2.6

Action                   |  1- 3 |  4- 6 |  7- 9 || total
-------------------------+-------+-------+-------++-------
Melee: Unarmed           |     4 |       |       ||     4
       Constrict         |     2 |       |     1 ||     3
       Dagger            |     1 |       |       ||     1
       Whip              |     1 |     5 |     3 ||     9
 Cast: Flame Tongue      |    69 |   113 |    54 ||   236
       Throw Flame       |       |    17 |    17 ||    34
       Conjure Flame     |       |     3 |     6 ||     9
  Use: Scroll            |       |     9 |     7 ||    16
  Eat: Chunk             |     5 |     7 |     6 ||    18
       Meat ration       |       |     1 |       ||     1
Armor: Skin              |       |     4 |     2 ||     6
Dodge: Dodged            |    16 |    24 |    14 ||    54
